 Dungeon Crawl Stone Soup version 0.29-a0-322-g68df515428 (webtiles) character file.

Game seed: 8283475311818034335

191 Murumi the Skirmisher (level 5, -5/48 (57) HPs)
             Began as an Ogre Chaos Knight on Apr 8, 2022.
             Was a Plaything of Xom.
             Slain by a spriggan (shapeshifter)
             ... wielding a +0 quarterstaff
              (16 damage)
             ... on level 4 of the Dungeon.
             The game lasted 00:10:25 (2475 turns).

Murumi the Skirmisher (Ogre Chaos Knight)           Turns: 2475, Time: 00:10:26

HP:   -5/48 (57)    AC:  5    Str: 22      XL:     5   Next: 70%
MP:   5/5           EV: 10    Int: 13      God:    Xom [*.....]
Gold: 145           SH:  0    Dex:  7 (8)  Spells: 4/4 levels left

rFire   . . .      SeeInvis .   a - +1 mace (chaos)
rCold   x . .      Faith    .   (no shield)
rNeg    . . .      Spirit   .   b - +2 robe
rPois   +          Reflect  .   (helmet restricted)
rElec   .          Harm     .   (no cloak)
rCorr   .          Rampage  .   (gloves unavailable)
Will    +....                   (boots unavailable)
Stlth   +.........              (no amulet)
HPRegen 0.16/turn               f - ring of flight
MPRegen 0.09/turn               v - ring "Xazin" {rPois rC- Will+ Str+4 Int+2}

@: mighty, flying, heavily drained
A: large, unfitting armour, tough skin 1, dopey 1
a: Renounce Religion


You were on level 4 of the Dungeon.
You worshipped Xom.
You were a special plaything of Xom.
You visited 1 branch of the dungeon, and saw 4 of its levels.

You collected 145 gold pieces.

Inventory:

Hand Weapons
 a - a +1 mace of chaos (weapon)
Missiles
 g - 3 atropa-tipped darts
 i - 156 stones (quivered)
 j - 4 poisoned darts
 n - 3 curare-tipped darts
Armour
 b - a +2 robe (worn)
Jewellery
 f - a ring of flight (left hand)
 v - the ring "Xazin" (right hand) {rPois rC- Will+ Str+4 Int+2}
   (You found it on level 4 of the Dungeon)

   [ring of poison resistance]

   Str:       It affects your strength (+4).
   Int:       It affects your intelligence (+2).
   rC:        It makes you vulnerable to cold.
   rPois:     It protects you from poison.
   Will:      It increases your willpower.
Scrolls
 m - a scroll of enchant weapon
 s - a scroll of fog
Potions
 d - 6 potions of lignification
 e - 3 potions of curing
 k - a potion of ambrosia
 l - a potion of heal wounds
 o - a potion of resistance {unknown}
 p - a potion of berserk rage {unknown}
 q - a potion of invisibility {unknown}
 r - a potion of attraction {unknown}
 t - a potion of magic {unknown}
 u - a potion of brilliance {unknown}
Miscellaneous
 c - a piece from Xom's chessboard (15/15)


   Skills:
 - Level 5.0 Fighting
 - Level 4.0 Maces & Flails
 + Level 0.6 Throwing
 - Level 1.0 Armour
 - Level 3.0 Dodging
 - Level 1.0 Stealth
 - Level 1.0 Evocations


You had 4 spell levels left.
You didn't know any spells.
Your spell library contained the following spells:

 Spells                   Type           Power      Damage    Failure   Level
 Confusing Touch          Hex            0%         N/A       67%         3
 Yara's Violent Unravell  Hex/Tmut       0%         3d3       100%        5
 Enfeeble                 Hex            0%         N/A       100%        7


Dungeon Overview and Level Annotations

Branches:
Dungeon (4/15)
 Temple: D:4-7

Altars:
Yredelemnul

Shops:
D:2 [


Innate Abilities, Weirdness & Mutations

You are too large for most types of armour.
You have tough skin. (AC +1)
You are dopey. (Int -2)


Message History

k - a potion of ambrosia You now have 145 gold pieces (gained 13).
Found an escape hatch in the floor.
u - a grey potion
w - a scroll labelled VERUYC UDGHINLOIZ
As you read the scroll labelled VERUYC UDGHINLOIZ, it crumbles to dust.
You assume a fearsome visage.
Nothing appears to happen.
It was a scroll of fear.
i - 156 stones (gained 19) Xom's power touches on you for a moment.
You feel drained.
Found a stone staircase leading down.
There is a stone staircase leading down here.
There is an open door here.
A spriggan comes into view. It is wielding a +0 quarterstaff.
The orc shouts!
The spriggan shouts!
The orc barely misses you.
You hit the orc but do no damage.
The orc is poisoned.
The orc hits you but does no damage.
The spriggan hits you with a +0 quarterstaff.
The spriggan attacks as you move away!
The spriggan hits you with a +0 quarterstaff!
The orc unwields a +0 hand axe.
The orc wields a +0 hunting sling.
The orc shoots a sling bullet.
The sling bullet hits you but does no damage.
Okay, then.
You feel very mighty all of a sudden.
The spriggan hits you with a +0 quarterstaff!
You sock the spriggan! You burn the spriggan.
The spriggan is heavily wounded.
The spriggan barely misses you.
You thump the orc!
You kill the orc!
The spriggan hits you with a +0 quarterstaff!
* * * LOW HITPOINT WARNING * * *
You miss the spriggan.
The spriggan is heavily wounded.
The spriggan hits you with a +0 quarterstaff!
You die...
Xom is highly amused!

.#.......# #.##... .#'#...#+#
.#'# #+##.##..# ...#...#. ...#
#.##.##..# ...##+##..
..##+##..#.##..# ...#...#...
..#......<.##..# .#'#...#+#.#####
#'#......#.##..# .#.......#$'...'
#.#.......#.#..#
####...#####...###.##.....###....
#?')..+ #.....i@#.......#.#.....
#.##### #+#...#'#.####.###.###.#
#..## #...#...# #.## ##.##..
##.<+ ##'###### ##.###.#####
.....# #. ##.#.###### .....# #.
##.#...... #####. #. #.#.##### ..
## #.#.# .## #.#.#


You could see a spriggan.

Vanquished Creatures
  An ice beast (D:3)
  An orc priest (D:4)
  An adder (D:2)
  A worm (D:2)
  A dart slug (D:1)
  7 orcs
  4 ball pythons
  4 endoplasms
  2 giant cockroaches
  8 goblins
  3 hobgoblins
  3 quokkas
  3 bats
  3 frilled lizards
  2 kobolds
  4 rats
48 creatures vanquished.

Notes
Turn   | Place    | Note
-------+----------+-------------------------------------------
     0 | D:1      | Murumi the Ogre Chaos Knight began the quest for the Orb.
     0 | D:1      | Reached XP level 1. HP: 24/24 MP: 1/1
    97 | D:1      | Reached XP level 2. HP: 25/32 MP: 2/2
   609 | D:1      | Found a faded altar of an unknown god.
   953 | D:2      | Found Foschy's Antique Armour Boutique.
  1018 | D:2      | Reached XP level 3. HP: 40/40 MP: 3/3
  1455 | D:3      | Noticed an ice beast
  1466 | D:3      | Killed an ice beast
  1467 | D:3      | Reached skill level 5 in Fighting
  1467 | D:3      | Reached skill level 1 in Armour
  1467 | D:3      | Reached XP level 4. HP: 34/50 MP: 4/4
  1467 | D:3      | Reached XP level 5. HP: 39/57 MP: 5/5
  1598 | D:3      | Found a basalt altar of Yredelemnul.
  1824 | D:3      | XOM: give mutation
  1824 | D:3      | Gained mutation: You are dopey. (Int -2) [Xom's mischief]
  1856 | D:3      | Reached skill level 1 in Evocations
  1954 | D:3      | XOM: cloud trail
  1983 | D:4      | Identified the ring "Xazin" {rPois rC- Will+ Str+4 Int+2}
  2049 | D:4      | XOM: god gift: long sword {god gift}
  2068 | D:4      | XOM: stat loss: -1 Dex (7/8)
  2078 | D:4      | Reached skill level 1 in Stealth
  2083 | D:4      | Noticed a shapeshifter
  2083 | D:4      | an orc priest changed into a shapeshifter
  2083 | D:4      | Noticed a komodo dragon
  2083 | D:4      | a shapeshifter changed into a komodo dragon
  2083 | D:4      | HP: 2/57 [orc/+0 hand axe (2)]
  2086 | D:4      | XOM: butterfly on damage
  2087 | D:4      | Xom revived you
  2436 | D:4      | XOM: draining
  2467 | D:4      | Noticed a spriggan
  2475 | D:4      | Slain by a spriggan (shapeshifter)

Illustrated notes

Levels and vault maps discovered:
D:1:      scummos_arrival_simple_crosswalls, layout_rooms,
          shapermc_ecumenical_altar_venn
D:2:      minmay_chambers_of_twos, layout_rooms, serial_shops,
          nicolae_shop_stone
D:3:      layout_rooms, lemuel_doored_altar, chequers_serial_rivers_room_a,
          chequers_mini_garden
D:4:      nicolae_cairo_tiling_large, layout_loops_ring, nrook_campfire,
          uniq_duvessa

Skill      XL: |  1  2  3  4  5 |
---------------+----------------+-----
Maces & Flails | 3 4 |  4.0
Dodging        | 3 |  3.0
Fighting       | 5 |  5.0
Armour         | 1 |  1.0
Evocations     | 1 |  1.0
Stealth        | 1 |  1.0
Throwing       | |  0.6

Action                   |  1- 3 |  4- 6 || total
-------------------------+-------+-------++-------
Melee: Mace              |    97 |    55 ||   152
       Punch             |     1 |       ||     1
  Use: Scroll            |     7 |     5 ||    12
       Potion            |       |     3 ||     3
 Stab: Sleeping          |     1 |       ||     1
Armor: Robe              |    43 |    14 ||    57
Dodge: Dodged            |    40 |    37 ||    77

Table legend: (Time is in decaauts)
 A = Elapsed time spent in this place.
 B = Non-inter-level travel time spent in this place.
 C = Inter-level travel time spent in this place.
 D = Time resting spent in this place.
 E = Time spent auto-exploring this place.
 F = Levels seen in this place.
 G = Mean time per level.
                   A        B        C        D        E       F      G
               +--------+--------+--------+--------+--------+-----+--------+
         Total |   2514 |   2339 |    175 |      0 |   1913 |   4 |  628.5 |
       Dungeon |   2514 |   2339 |    175 |      0 |   1913 |   4 |  628.5 |
               +--------+--------+--------+--------+--------+-----+--------+

Top non-repeatable levels by time:
     D:1: 729 daAuts
     D:3: 705 daAuts
     D:2: 623 daAuts
     D:4: 456 daAuts
